 Dungeon Crawl Stone Soup version 0.28.0-53-g5a82cb258f (webtiles) character file.

Game seed: 11538088585091975269

217 protoss039 the Digger (level 5, 0/41 HPs)
             Began as a Demonspawn Earth Elementalist on June 10, 2022.
             Killed by divine providence
             ... invoked by an orc priest
              (10 damage)
             ... on level 5 of the Dungeon.
             The game lasted 00:05:40 (3998 turns).

protoss039 the Digger (DsEE)                        Turns: 3998, Time: 00:05:40

Health: 0/41       AC:  3    Str:  9    XL:     5   Next: 62%
Magic:  0/9        EV: 15    Int: 18    God:
Gold:   92         SH:  0    Dex: 13    Spells: 3/9 levels left

rFire   . . .      SeeInvis .   a - +2 dagger (drain)
rCold   . . .      Faith    .   (no shield)
rNeg    . . .      Spirit   .   j - +0 leather armour
rPois   .          Reflect  .   (no helmet)
rElec   .          Harm     .   g - scarf {repulsion}
rCorr   .          Rampage  .   (no gloves)
Will    .....                   (no boots)
Stlth   ++........              (no amulet)
HPRegen 0.13/turn               f - +4 ring of evasion
MPRegen 0.11/turn               (no ring)

@: repel missiles
A: foul stench 1, demonic touch 2
a: no special abilities


You were on level 5 of the Dungeon.
You visited 1 branch of the dungeon, and saw 5 of its levels.

You collected 92 gold pieces.

Inventory:

Hand Weapons
 a - a +2 dagger of draining (weapon)
 h - a +1 quarterstaff of speed
 w - a +3 short sword
Missiles
 c - 37 stones
Armour
 g - a scarf of repulsion (worn)
 j - a +0 leather armour (worn)
Jewellery
 f - a +4 ring of evasion (left hand)
Scrolls
 d - 3 scrolls of teleportation {unknown}
 k - 3 scrolls of blinking {unknown}
 l - a scroll of magic mapping {unknown}
 m - a scroll of fog {unknown}
 r - a scroll of brand weapon {unknown}
 s - a scroll of fear {unknown}
 t - 3 scrolls of holy word {unknown}
 u - 3 scrolls of identify {unknown}
Potions
 e - a potion of haste {unknown}
 i - a potion of heal wounds {unknown}
 o - a potion of berserk rage {unknown}
 p - a potion of flight {unknown}
 q - a potion of attraction {unknown}


   Skills:
 * Level 3.0 Fighting
 + Level 1.8 Armour
 - Level 1.7 Dodging
 - Level 1.7 Stealth
 + Level 2.8 Spellcasting
 * Level 1.7 Conjurations
 - Level 1.0 Transmutations
 + Level 3.3 Earth Magic


You had 3 spell levels left.
You knew the following spells:

 Your Spells              Type           Power      Damage    Failure   Level
a - Sandblast             Erth           28%        2d8       5%          1
b - Passwall              Tmut/Erth      8%         N/A       14%         2
c - Stone Arrow           Conj/Erth      22%        3d8       24%         3

Your spell library contained the following spells:

 Spells                   Type           Power      Damage    Failure   Level
 Petrify                  Tmut/Erth      10%        N/A       67%         4


Dungeon Overview and Level Annotations

Branches:
Dungeon (5/15)
 Temple: D:4-7

Altars:
Kikubaaqudgha

Annotations:
D:4 3 runed translucent doors


Innate Abilities, Weirdness & Mutations

You may rarely emit foul miasma when damaged in melee.
Your touch may inflict irresistible damage on your foes.


Message History

Aiming: Stone Arrow (quite dangerous; 24% risk of failure)
Press: ? - help, Shift-Dir - straight line, f/p - orc priest
Aim: an orc priest, wielding a +2 antimagic whip and wearing a +0 chain mail (lightly wounded, 77% to hit)
You miscast Stone Arrow.
You are very lightly contaminated with residual magic.
Energy rips through your body!
* * * LOW HITPOINT WARNING * * *
The orc priest barely misses you.
Unknown command.
Okay, then.
Okay, then.
You feel better.
The orc priest hits you with a +2 antimagic whip.
* * * LOW HITPOINT WARNING * * *
You feel your power leaking away.
Unknown command.
Things that are here:
a +0 dagger; a +0 robe; an orc corpse
There is a stone staircase leading down here.
Unknown command.
Unknown command.
The orc priest barely misses you.
You climb downwards.
There is a stone staircase leading up here.
Okay, then.
Unknown command.
The orc priest calls down the wrath of Beogh upon you.
You barely resist.
Unknown command.
Casting: Stone Arrow (quite dangerous; 24% risk of failure)
Confirm with . or Enter, or press ? or * to list all spells.
Aiming: Sandblast (safe; 5% risk of failure)
Press: ? - help, Shift-Dir - straight line, f - orc priest
Aim: an orc priest, wielding a +2 antimagic whip and wearing a +0 chain mail (lightly wounded, 85% to hit)
The blast of sand hits the orc priest but does no damage.
The orc priest is lightly wounded.
Your magical contamination has completely faded away.
The orc priest mumbles some strange prayers to Beogh against you.
Beogh smites you!
You die...

..## #..# #..# ##
#>.# .# #.[#####
.# #......###.#
#....#.....#
#######..#####...#
........@# ##..###
.####...#
##.....##
###o####..........
#.......#...$..#
##<....##..####.
##..### .^# ####
..# #!#


You could see an orc priest.

Vanquished Creatures
  A water moccasin zombie (D:5)
  2 iguanas
  An orc wizard (D:4)
  An adder (D:3)
  An adder skeleton (D:2)
  A worm (D:2)
  4 dart slugs
  An orc (D:4)
  5 ball pythons
  5 endoplasms
  A giant cockroach (D:1)
  4 goblins
  5 hobgoblins
  4 jackals
  8 kobolds
  3 quokkas
  6 bats
  3 frilled lizards
  5 rats
61 creatures vanquished.

Notes
Turn   | Place    | Note
-------+----------+-------------------------------------------
     0 | D:1      | protoss039 the Demonspawn Earth Elementalist began the
                  | quest for the Orb.
     0 | D:1      | Reached XP level 1. HP: 13/13 MP: 3/3
   147 | D:1      | Reached skill level 1 in Transmutations
   539 | D:1      | Gained mutation: Your touch may inflict minor irresistible
                  | damage on your foes. [demonic ancestry]
   539 | D:1      | Reached XP level 2. HP: 20/20 MP: 5/5
   593 | D:1      | Reached skill level 1 in Fighting
  1673 | D:2      | Gained mutation: Your touch may inflict irresistible damage
                  | on your foes. [demonic ancestry]
  1673 | D:2      | Reached XP level 3. HP: 26/26 MP: 6/6
  1762 | D:2      | Reached skill level 1 in Armour
  1889 | D:2      | Found an ancient bone altar of Kikubaaqudgha.
  1966 | D:2      | Reached XP level 4. HP: 17/33 MP: 7/7
  2553 | D:2      | Learned a level 2 spell: Passwall
  2557 | D:2      | Learned a level 3 spell: Stone Arrow
  2762 | D:3      | Found an ancient bone altar of Kikubaaqudgha.
  3269 | D:4      | Noticed a scorpion
  3566 | D:5      | Entered Level 5 of the Dungeon
  3578 | D:5      | HP: 1/34 [something (12)]
  3596 | D:5      | Reached skill level 1 in Conjurations
  3596 | D:5      | Gained mutation: You may rarely emit foul miasma when
                  | damaged in melee. [demonic ancestry]
  3596 | D:5      | Reached XP level 5. HP: 12/39 MP: 0/9
  3808 | D:4      | Found a runed translucent gate.
  3808 | D:4      | Found a runed translucent gate.
  3808 | D:4      | Found a runed translucent gate.
  3998 | D:5      | Killed from afar by an orc priest

Illustrated notes

Levels and vault maps discovered:
D:1:      minmay_arrival_loop, layout_basic
D:2:      wad_lake_hut, layout_basic, basic_altar
D:3:      layout_loops_ring, kiku_gazebo_pond_becter, serial_glass,
          glass_columns_b, glass_columns_a, chequers_serial_rivers_room_b
D:4:      layout_layer_cave, gammafunk_ghost_split, kennysheep_small_square
D:5:      layout_layer_cave, minmay_misc_feat_ornament, uniq_ijyb

Skill      XL: |  1  2  3  4  5 |
---------------+----------------+-----
Transmutations | 1 |  1.0
Fighting       | 1 2 3 |  3.0
Earth Magic    | 3 |  3.3
Armour         | 1 |  1.8
Conjurations   | 1 |  1.7
Dodging        | |  1.7
Stealth        | |  1.7
Spellcasting   | |  2.8

Action                   |  1- 3 |  4- 6 || total
-------------------------+-------+-------++-------
Melee: Dagger            |    16 |    23 ||    39
       Unarmed           |     1 |       ||     1
       Quarterstaff      |    25 |     5 ||    30
       Short sword       |    44 |    28 ||    72
       Touch             |     7 |     9 ||    16
 Cast: Sandblast         |     8 |    11 ||    19
       Stone Arrow       |       |     3 ||     3
  Use: Potion            |       |     4 ||     4
 Stab: Sleeping          |     3 |     2 ||     5
Armor: Robe              |     9 |     4 ||    13
       Leather armour    |       |     2 ||     2
Dodge: Dodged            |    50 |    61 ||   111
       Repelled          |     1 |       ||     1
